 Dungeon Crawl Stone Soup version 0.31-a0-365-gcf821cafb2 (webtiles) character file.

Game seed: 7431458630660472458

2636 mistaj the Trooper (level 9, -2/50 HPs)
             Began as a Vine Stalker Fighter on July 27, 2023.
             Was a Follower of Makhleb.
             Slain by a troll (4 damage)
             ... on level 7 of the Dungeon.
             The game lasted 00:15:47 (7188 turns).

mistaj the Trooper (Vine Stalker Fighter)           Turns: 7188, Time: 00:15:47

Health: -2/50      AC: 13    Str: 22    XL:     9   Next: 61%
Magic:  0/18       EV:  6    Int: 10    God:    Makhleb [*.....]
Gold:   1158       SH:  5    Dex: 13    Spells: 19/19 levels left

rFire   . . .        w - +1 short sword (speed)
rCold   + . .        c - +0 buckler
rNeg    . . .        u - +0 plate armour
rPois   .            o - +1 helmet
rElec   .            (no cloak)
rCorr   .            (no gloves)
SInv    .            (no boots)
Will    +....        j - amulet of magic regeneration Stlth
                     r - ring of protection from fire
HPRegen 1.08/turn    t - ring of ice
MPRegen 0.56/turn

%: guardian spirit
@: studying Polearms
A: fangs 3, regeneration 1, magic shield, antimagic bite, no potion heal 2
a: Renounce Religion


You were on level 7 of the Dungeon.
You worshipped Makhleb.
Makhleb was aware of your devotion.
You visited 2 branches of the dungeon, and saw 10 of its levels.
You also visited: Sewer.

You collected 1178 gold pieces.
You spent 20 gold pieces at shops.

Inventory:

Hand Weapons
 a - a +1 war axe
 w - a +1 short sword of speed (weapon)
Armour
 c - a +0 buckler (worn)
 o - a +1 helmet (worn)
 u - a +0 plate armour (worn)
 C - +0 steam dragon scales
Jewellery
 j - an amulet of magic regeneration (around neck)
 r - a ring of protection from fire (left hand)
 t - a ring of ice (right hand)
 A - a ring of protection from fire
Talismans
 s - a beast talisman
Wands
 n - a wand of flame (20)
 v - a wand of acid (5)
 B - a wand of roots (9)
Scrolls
 b - a scroll of enchant armour
 i - 2 scrolls of fog
 p - 4 scrolls of enchant weapon
Potions
 d - 2 potions of might
 e - a potion of ambrosia
 f - 3 potions of attraction
 g - a potion of haste {unknown}
 h - a potion of resistance {unknown}
 k - 4 potions of enlightenment
 m - a potion of degeneration {unknown}
 q - 9 potions of curing
 x - a potion of brilliance {unknown}


   Skills:
 + Level 7.2 Fighting
 + Level 4.5 Short Blades
 - Level 4.8 Axes
 - Level 2.4 Armour
 - Level 4.9 Shields
 + Level 5.5 Spellcasting
 - Level 1.7 Shapeshifting


You had 19 spell levels left.
You didn't know any spells.
Your spell library contained the following spells:

 Spells                   Type           Power      Damage    Failure   Level
 Blink                    Tloc           4%         N/A       100%        2
 Lesser Beckoning         Tloc           4%         N/A       100%        2
 Momentum Strike          Conj/Tloc      4%         3d8       100%        2


Dungeon Overview and Level Annotations

Branches:
Dungeon (9/15)             Temple (1/1) D:4           Sewer (visited)
   Lair: D:8-11         Orc: D:9-12

Altars:
Ashenzari
Cheibriados
Dithmenos
Elyvilon
Fedhas
Gozag
Hepliaklqana
Kikubaaqudgha
Makhleb
Nemelex Xobeh
Okawaru
Qazlal
Sif Muna
Trog
Uskayaw
Vehumet
Wu Jian
Xom
Zin
The Shining One

Shops:
D:2 ?   D:6 [

Annotations:
D:3 2 runed translucent doors, relicbr's ghost, amateur DsHu
Temple 2 transporters


Innate Abilities, Weirdness & Mutations

You have razor-sharp teeth.
Your natural rate of healing is unusually fast.
When hurt, damage is shared between your health and your magic reserves.
Your bite disrupts and absorbs the magic of your enemies.
Potions cannot restore your health.


Message History

You hit the troll.
The troll is moderately wounded.
You block the troll's attack. The troll claws you.
* * * LOW HITPOINT WARNING * * *
The troll claws you but does no damage.
You hit the troll. You bite the troll. You drain its power.
You feel invigorated.
The troll is moderately wounded.
You barely miss the troll.
The troll is moderately wounded.
The troll bites you!
* * * LOW HITPOINT WARNING * * *
You block the troll's attack. x2
You closely miss the troll. Your bite misses the troll.
The troll is moderately wounded.
You barely miss the troll.
The troll is moderately wounded.
The troll barely misses you. You block the troll's attack.
The troll claws you but does no damage.
You hit the troll. Your bite misses the troll.
The troll is heavily wounded.
The troll bites you. The troll claws you but does no damage.
The troll claws you.
* * * LOW HITPOINT WARNING * * *
You completely miss the troll.
The troll is heavily wounded.
You hit the troll. Your bite misses the troll.
The troll is heavily wounded.
The troll bites you but does no damage. The troll claws you!
* * * LOW HITPOINT WARNING * * *
The troll claws you.
* * * LOW HITPOINT WARNING * * *
You hit the troll. Your bite misses the troll.
The troll is heavily wounded.
You hit the troll but do no damage.
The troll is heavily wounded.
The troll closely misses you. The troll claws you.
* * * LOW HITPOINT WARNING * * *
The troll claws you.
You die...

....<....## #.# ....
...#.#....###.##..#
.#.#.#.##........# #
.#.#.#.#####.>#### ..
.#.#...# #### ...
.#....## ....
#....########## .....
#....#........###......
#..............@T......
##...#........###......
#............# .....
##...........# ....
#...........# ###
#...........#
#...........#
#...........#


You could see a troll.

Vanquished Creatures
  Grinder (D:6)
  A wraith (D:9)
  A steam dragon (D:9)
  A water moccasin (D:8)
  A sky beast (D:8)
  2 ogres (D:6)
  2 centaurs (D:6)
  2 phantoms (D:6)
  A kobold brigand (Sewer)
  Blork the orc (D:6)
  A gnoll sergeant (D:6)
  3 bullfrogs
  2 scorpions
  A killer bee (D:9)
  2 orc priests
  A gnoll bouda (D:9)
  4 hounds
  A jelly (D:6)
  2 sleepcaps
  5 iguanas
  Ijyb (D:4)
  7 orc wizards
  Robin (D:2)
  7 adders
  11 gnolls
  2 river rats (Sewer)
  A white imp (D:7)
  A worm (D:2)
  4 dart slugs
  13 orcs
  3 bats
  5 endoplasms
  3 giant cockroaches
  8 hobgoblins
  4 jackals (D:1)
  7 kobolds
  2 quokkas
  6 ball pythons
  3 frilled lizards
  17 goblins
  11 rats
  A spectral goblin (D:1)
153 creatures vanquished.

Notes
Turn   | Place    | Note
-------+----------+-------------------------------------------
     0 | D:1      | mistaj the Vine Stalker Fighter began the quest for the
                  | Orb.
     0 | D:1      | Reached XP level 1. HP: 11/11 MP: 2/2
   177 | D:1      | Found a faded altar of an unknown god.
   325 | D:1      | Reached XP level 2. HP: 16/16 MP: 3/3
   459 | D:1      | Reached skill level 3 in Fighting
   879 | D:1      | Reached XP level 3. HP: 18/20 MP: 4/4
  1089 | D:2      | Noticed Robin
  1106 | D:2      | HP: 1/20 [Robin/puff of flame (8)]
  1110 | D:2      | Killed Robin
  1313 | D:2      | Gained mutation: Your natural rate of healing is unusually
                  | fast. [Vine Stalker growth]
  1313 | D:2      | Reached XP level 4. HP: 24/24 MP: 5/5
  1709 | D:2      | Found Vimel's Magic Scroll Boutique.
  1714 | D:2      | Bought a scroll of identify for 20 gold pieces
  2325 | D:3      | Reached XP level 5. HP: 29/29 MP: 6/6
  2365 | D:3      | Found a large runed translucent door.
  2366 | D:3      | Found a large runed translucent door.
  2368 | D:3      | Noticed relicbr's ghost (amateur DsHu)
  2447 | D:3      | Found a glowing drain.
  2456 | Sewer    | Entered a sewer
  2623 | Sewer    | Noticed a kobold brigand
  2638 | Sewer    | Killed a kobold brigand
  2639 | Sewer    | Reached skill level 4 in Fighting
  2639 | Sewer    | Reached XP level 6. HP: 33/33 MP: 5/7
  2672 | Sewer    | Found a white marble altar of Elyvilon.
  2955 | D:3      | Identified a scroll of acquirement
  2955 | D:3      | Acquired 794 gold pieces
  3296 | D:4      | Noticed Ijyb
  3310 | D:4      | Killed Ijyb
  3409 | D:4      | Reached skill level 1 in Shapeshifting
  3624 | D:4      | Found a staircase to the Ecumenical Temple.
  3631 | Temple   | Found a transporter.
  3631 | Temple   | Found a transporter.
  3631 | Temple   | Found a transporter.
  3631 | Temple   | Found a transporter.
  3631 | Temple   | Entered the Ecumenical Temple
  3648 | Temple   | Became a worshipper of Makhleb the Destroyer
  3734 | D:4      | Reached XP level 7. HP: 31/38 MP: 5/8
  4295 | D:5      | Entered Level 5 of the Dungeon
  4298 | D:5      | Identified the +0 robe of the Unseen Realm {Str+2 SInv}
  4465 | D:5      | Identified the +3 leather armour of the Gloaming {Harm
                  | *Slow Fly rF+++}
  4589 | D:5      | Reached skill level 5 in Fighting
  4589 | D:5      | Reached skill level 1 in Spellcasting
  4919 | D:5      | Found a hide-covered altar of Uskayaw.
  4967 | D:5      | Gained mutation: You have razor-sharp teeth. [Vine Stalker
                  | growth]
  4967 | D:5      | Reached XP level 8. HP: 42/43 MP: 9/11
  5443 | D:6      | Noticed Blork the orc
  5486 | D:6      | Killed Blork the orc
  5526 | D:6      | Reached skill level 1 in Short Blades
  5761 | D:6      | Found Itargh's Antique Armour Emporium.
  5918 | D:6      | Reached skill level 6 in Fighting
  5973 | D:6      | Noticed Grinder
  5996 | D:6      | Killed Grinder
  5996 | D:6      | Reached * piety under Makhleb
  5997 | D:6      | Reached XP level 9. HP: 48/49 MP: 14/16
  6656 | D:7      | You fall into a shaft and drop 2 floors!
  6850 | D:9      | Reached skill level 5 in Spellcasting
  6857 | D:9      | Noticed a two-headed ogre
  6926 | D:8      | Reached skill level 7 in Fighting
  7160 | D:7      | Noticed a troll
  7188 | D:7      | HP: 2/50 [troll (2)]
  7188 | D:7      | Slain by a troll

Illustrated notes

Levels and vault maps discovered:
D:1:      dpeg_arrival_boxorama, layout_loops_ring,
          dreamdust_ecumenical_altar_drowned_temple, serial_rivers,
          chequers_serial_rivers_micro_c, chequers_serial_rivers_micro_e,
          chequers_serial_rivers_micro_a, chequers_serial_rivers_small_3
D:2:      layout_basic, serial_shops, nicolae_shop_advertising_works
          [nicolae_subvault_shop_adworks], uniq_robin
D:3:      layout_rooms, portal_sewer_entry_c, ebering_ghost_disaster_area
D:4:      layout_loops_corners, temple_green, minmay_unequal, uniq_ijyb
D:5:      layout_cave_pods, mainiacjoe_overflow_24_doors
D:6:      layout_basic, nicolae_take_the_stairs, uniq_blork_the_orc,
          uniq_grinder
D:7:      layout_basic
D:8:      layout_cave_pools, jmf_multi_god_temple, uniq_gastronok
D:9:      layout_long_grid, hangedman_decor_clover_reticule,
          minmay_quadrilaterals
Temple:   hellmonk_temple_divided_pantheon

Skill      XL: |  1  2  3  4  5  6  7  8  9 |
---------------+----------------------------+-----
Axes           | 2 3 4 |  4.8
Fighting       | 3 4 5 6 7 |  7.2
Shields        | 3 4 |  4.9
Shapeshifting  | 1 |  1.7
Spellcasting   | 1 4 5 |  5.5
Short Blades   | 3 4 |  4.5
Armour         | |  2.4

Action                     |  1- 3 |  4- 6 |  7- 9 || total
---------------------------+-------+-------+-------++-------
  Melee: War axe           |    75 |   133 |    92 ||   300
         Bite              |    21 |    43 |   144 ||   208
         Short sword       |       |       |   324 ||   324
    Use: Scroll            |       |     7 |     4 ||    11
   Stab: Distracted        |       |     1 |       ||     1
 Armour: Scale mail        |    34 |    53 |       ||    87
         Chain mail        |       |     1 |    55 ||    56
         Plate armour      |       |       |   124 ||   124
  Dodge: Dodged            |    40 |    60 |    78 ||   178
  Block: Buckler           |    15 |    31 |    75 ||   121
         Form:             |       |     1 |       ||     1
         Beast             |       |     1 |       ||     1

Table legend: (Time is in decaauts)
 A = Elapsed time spent in this place.
 B = Non-inter-level travel time spent in this place.
 C = Inter-level travel time spent in this place.
 D = Time resting spent in this place.
 E = Time spent auto-exploring this place.
 F = Levels seen in this place.
 G = Mean time per level.
                   A        B        C        D        E       F      G
               +--------+--------+--------+--------+--------+-----+--------+
         Total |   7235 |   6974 |    261 |   1003 |   4385 |  11 |  657.7 |
       Dungeon |   6913 |   6665 |    248 |    887 |   4269 |   9 |  768.1 |
        Temple |     32 |     19 |     13 |      0 |      0 |   1 |   32.0 |
         Sewer |    288 |    288 |      0 |    116 |    115 |   1 |  288.0 |
               +--------+--------+--------+--------+--------+-----+--------+

Top non-repeatable levels by time:
     D:2: 1238 daAuts
     D:6: 1186 daAuts
     D:4: 1163 daAuts
     D:5: 1125 daAuts
     D:1: 1122 daAuts
     D:3: 574 daAuts
   Sewer: 288 daAuts
     D:9: 275 daAuts
     D:8: 166 daAuts
     D:7: 60 daAuts
  Temple: 32 daAuts
